Cogmind - Beta 13 X1 @@@ ROGUE MODE // 2023.11.16 @ 21:01:22 Player: f3-rnm Result: Destroyed by 94-T6I(R) with Subdweller Machine Gun Performance ------------- Evolutions (0) 0 Regions Visited (2) 400 Robots Destroyed (42) 210 Value Destroyed (1040) 1040 Prototype IDs (1) 20 Alien Tech Used (0) 0 Bonus (0) 0 TOTAL SCORE: 1670 Bonus ------- None Cogmind --------- Core Integrity 0/250 Matter 290/300 Energy 280/280 System Corruption 0% Temperature Cool (0) Movement Treading (160) Location -10/Subcaves Parts ------- > --- POWER (1) -------- Cooled Ion Engine > --- PROPULSION (2) --- Light Treads > --- UTILITY (2) ------ (None) > --- WEAPON (2) ------- Particle Cannon Battle Cannon > --- INVENTORY (5) ---- Compact Wheel High-capacity Storage Unit Beam Cannon Grenade Launcher Peak State ------------ > --- POWER ------------ Cooled Ion Engine > --- PROPULSION ------- Light Treads Light Treads > --- UTILITY ---------- High-capacity Storage Unit Light Armor Plating > --- WEAPON ----------- Small Laser Particle Cannon > --- INVENTORY -------- Cooled Ion Engine Cooled Ion Engine Compact Wheel Compact Wheel Large Storage Unit Huge Storage Unit Huge Storage Unit Seismic Detector Light Armor Plating Light Armor Plating Light Armor Plating Light EM Pulse Cannon Light EM Pulse Cannon Beam Cannon Beam Cannon Particle Cannon Subdweller Machine Gun Grenade Launcher Makeshift Axe [Rating: 13] Favorites ----------- Power Cooled Ion Engine Engine Cooled Ion Engine Power Core Light Nuclear Core Propulsion Light Treads Treads Light Treads Wheel Wheel Utility Light Armor Plating Storage High-capacity Storage Unit Processor Transport Network Coupler Protection Light Armor Plating Weapon Particle Cannon Energy Gun Small Laser Energy Cannon Particle Cannon Ballistic Gun Assault Rifle Ballistic Cannon Battle Cannon Build | -11 -10 -10 ------- Run | Jun Mat Sub Slots Evolved . | . . . Power . | . . . Propulsion . | . . . Utility . | . . . Weapon . | . . . Parts Attached 26 | 7 11 8 Power 4 | 1 3 . Engine 3 | 1 2 . Core 1 | . 1 . Reactor . | . . . Propulsion 5 | 2 1 2 Treads 4 | 2 . 2 Leg . | . . . Wheel 1 | . 1 . Hover . | . . . Flight . | . . . Utility 7 | 1 4 2 Device . | . . . Storage 2 | 1 1 . Processor 1 | . 1 . Hackware . | . . . Protection 4 | . 2 2 Artifact . | . . . Weapon 10 | 3 3 4 Energy Gun 2 | 1 1 . Energy Cannon 2 | . 1 1 Ballistic Gun 3 | 2 . 1 Ballistic Cannon 3 | . 1 2 Launcher . | . . . Special Weapon . | . . . Impact Weapon . | . . . Slashing Weapon . | . . . Piercing Weapon . | . . . Special Melee Weapon . | . . . Unidentified Prototypes 1 | . 1 . Parts Lost 9 | . 4 5 Power . | . . . Propulsion 3 | . 1 2 Utility 3 | . 1 2 Weapon 3 | . 2 1 Highest Loss Streak 3 | . 3 3 To Critical Strikes . | . . . Average Slot Usage (%) 86 | . 92 82 Engine 12 | . 10 14 Core 1 | . 3 . Treads 21 | . 18 22 Wheel 3 | . 6 1 Storage 7 | . 14 3 Processor 1 | . 2 . Protection 10 | . 8 12 Energy Gun 5 | . 8 3 Energy Cannon 10 | . 6 14 Ballistic Gun 3 | . 5 1 Ballistic Cannon 7 | . 4 9 Naked Turns . | . . . Heaviest Build 56 | 14 55 56 Greatest Support 40 | 40 40 40 Greatest Overweight (x) 5 | . 5 5 Average Overweight (x) 1 | . 2 . Largest Inventory Capacity 20 | 8 20 20 Average Capacity 10 | 6 12 8 Most Carried 20 | 4 20 20 Average Carried 9 | 2 10 8 Final Capacity 20 | 8 20 5 Final Carried 20 | 4 20 4 Class Distribution -------------------- 100% | Mutant Dominant Class ---------------- Mutant | -10/Materials Mutant | -10/Subcaves Resources | -11 -10 -10 ----------- Run | Jun Mat Sub Matter Collected 929 | 304 429 196 Remotely . | . . . Salvage Created 1148 | 72 709 367 Parts 85 | 7 51 27 Haulers Intercepted 1 | . 1 . Recyclers Shooed . | . . . Parts Field Recycled . | . . . Retrieved Matter . | . . . Parts Self-Destructed 6 | . . 6 Prevented . | . . . Kills | -11 -10 -10 ------- Run | Jun Mat Sub Combat Hostiles Destroyed 32 | . 19 13 Guns 13 | . 11 2 Cannons 19 | . 8 11 Classes Destroyed 9 | 2 7 . Worker 2 | . 2 . Builder 1 | . 1 . Tunneler 2 | 1 1 . Hauler 1 | . 1 . Recycler 2 | 1 1 . Watcher 2 | . 2 . Swarmer 9 | . 6 3 Grunt 10 | . 10 . Subdweller 13 | . 3 10 Best Kill Streak 4 | 2 4 3 Combat Bots Only 3 | . 3 3 Max Kills in Single Turn 1 | 1 1 1 Gunslinging . | . . . Exploded . | . . . Melee . | . . . Uniques/NPCs Destroyed . | . . . Combat | -11 -10 -10 -------- Run | Jun Mat Sub Damage Taken 2133 | . 808 1325 Core 265 | . 147 118 Absorbed by Shields . | . . . Core Remaining (%) 100 | 100 . . Volleys Fired 138 | 6 65 67 Largest 2 | 2 2 2 Hottest 108 | 40 100 108 Shots Fired 260 | 12 121 127 Gun 110 | 12 64 34 Cannon 150 | . 57 93 Launcher . | . . . Special . | . . . Kinetic 141 | 12 95 34 Thermal 119 | . 26 93 Explosive . | . . . Electromagnetic . | . . . Robot Hit Streak 16 | 5 15 16 Robot Miss Streak 8 | 2 6 8 Penetration Max . | . . . Secondary Targets . | . . . Shots Hit Robots 154 | 7 72 75 Core Hits 60 | 3 32 25 Critical Kills 1 | . 1 . Critical Parts Destroyed 1 | . 1 . Critical Strikes 2 | . 2 . Destroy 2 | . 2 . Melee Attacks . | . . . Impact . | . . . Slashing . | . . . Piercing . | . . . Sneak Attacks . | . . . Combat Hostiles . | . . . Follow-up Attacks . | . . . Damage Inflicted 2532 | 92 1142 1298 Guns 812 | 92 520 200 Cannons 1720 | . 622 1098 Explosions . | . . . Melee . | . . . Ramming . | . . . Kinetic 1343 | 92 921 330 Thermal 1189 | . 221 968 Explosive . | . . . Electromagnetic . | . . . Impact . | . . . Slashing . | . . . Piercing . | . . . Highest Corruption . | . . . Average Corruption . | . . . Corruption Purged . | . . . Corruption Blocked . | . . . Overload Shots . | . . . Overflow Damage . | . . . Projectiles . | . . . Explosions . | . . . Melee . | . . . Knockbacks 9 | . 6 3 Impact . | . . . Kinetic 9 | . 6 3 Secondary . | . . . Self-Inflicted Damage . | . . . Shots . | . . . Rammed . | . . . Targets Rammed . | . . . Kicked . | . . . Crushed . | . . . Highest Temperature 187 | . 187 11 Average Temperature 49 | . 57 3 Received Heat Transfer 438 | . 237 201 Siege Activations . | . . . Robots Corrupted . | . . . Combat Hostiles . | . . . Parts Fried . | . . . Impact Corruptions . | . . . Robots Melted . | . . . Combat Hostiles . | . . . Parts Melted 6 | . 2 4 Heat Transferred 2329 | . 486 1843 Parts Sabotaged . | . . . Parts Stolen . | . . . Parts Stripped . | . . . Power Chain Reactions . | . . . Missiles Intercepted . | . . . Alert | -11 -10 -10 ------- Run | Jun Mat Sub Peak Influence 285 | 10 285 . Initial 6 | . 6 . Average 71 | 2 75 . Maximum Alert Level 1 | . 1 . Low Security (%) 88 | 100 87 . Level 1 11 | . 12 . Level 2 . | . . . Level 3 . | . . . Level 4 . | . . . Level 5 . | . . . High Security . | . . . Max Security . | . . . Squads Dispatched 2 | . 2 . Investigation 2 | . 2 . Extermination . | . . . Reinforcement . | . . . Assault . | . . . Garrison . | . . . Intercept . | . . . Searches Triggered . | . . . Construction Impeded . | . . . Haulers Reinforced . | . . . Active Scanning Responses . | . . . Cargo Convoy Interrupts . | . . . Stealth | -11 -10 -10 --------- Run | Jun Mat Sub Distress Signals 4 | . 4 . Communications Jammed . | . . . Distress Signals . | . . . Times Spotted 37 | . 23 14 Peak Tracking Total 5 | . 5 3 Tactical Retreats 1 | . 1 . Traps | -11 -10 -10 ------- Run | Jun Mat Sub Traps Triggered 1 | . . 1 Indirectly . | . . . Trap Hack Attempts . | . . . Triggered . | . . . Disarmed . | . . . Reprogrammed . | . . . Reused . | . . . Traps Extracted . | . . . Installed . | . . . Triggered . | . . . Machines | -11 -10 -10 ---------- Run | Jun Mat Sub Machines Disabled 1 | . 1 . Max in Single Turn 1 | . 1 . Machines Repaired . | . . . Machines Sabotaged . | . . . Overloaded Fab Kills . | . . . Hacking | -11 -10 -10 --------- Run | Jun Mat Sub Machines Accessed 4 | . 4 . Terminals 3 | . 3 . Fabricators . | . . . Repair Stations 1 | . 1 . Recycling Units . | . . . Scanalyzers . | . . . Garrison Access . | . . . Total Hacks 6 | . 6 . Successful 2 | . 2 . Failed 4 | . 4 . Catastrophic . | . . . Database Lockouts . | . . . Manual 5 | . 5 . Terminals 4 | . 4 . Fabricators . | . . . Repair Stations 2 | . 2 . Recycling Units . | . . . Scanalyzers . | . . . Garrison Access . | . . . Terminal Hacks 1 | . 1 . Robot Analysis 1 | . 1 . Fabricator Hacks . | . . . Repair Station Hacks 1 | . 1 . Scan Component 1 | . 1 . Recycling Unit Hacks . | . . . Scanalyzer . | . . . Garrison Access Hacks . | . . . Unauthorized Hacks . | . . . Terminals . | . . . Fabricators . | . . . Repair Stations . | . . . Recycling Units . | . . . Scanalyzers . | . . . Garrison Access . | . . . Data Cores Recovered . | . . . Used . | . . . Hacking Detections 3 | . 3 . Full Trace Events . | . . . Feedback Events . | . . . Feedback Blocked . | . . . Robot Schematics Acquired . | . . . Robots Built . | . . . Authchips . | . . . Time . | . . . Total Robot Build Rating . | . . . Part Schematics Acquired . | . . . Parts Built . | . . . Authchips . | . . . Time . | . . . Total Part Build Rating . | . . . Parts Repaired . | . . . Time . | . . . Parts Recycled . | . . . Recycled Matter . | . . . Retrieved Matter . | . . . Retrieved Components . | . . . Parts Scanalyzed . | . . . Part Schematics Acquired . | . . . Parts Damaged . | . . . Bothacking | -11 -10 -10 ------------ Run | Jun Mat Sub Used RIF Installer . | . . . Robots Hacked . | . . . Non-combat . | . . . Combat . | . . . Robot Hacks Applied . | . . . Relay Couplers Released . | . . . Fabnet Peak Effective % . | . . . Robots Rewired . | . . . Allies Hacked . | . . . Hacks Repelled . | . . . Allies | -11 -10 -10 -------- Run | Jun Mat Sub Total Allies . | . . . Largest Group . | . . . Highest-Rated Group . | . . . Highest-Rated Ally . | . . . Total Orders . | . . . Ally Attacks . | . . . Total Damage . | . . . Kills . | . . . Allies Corrupted . | . . . Allies Melted . | . . . Intel | -11 -10 -10 ------- Run | Jun Mat Sub Robot Analysis Total 1 | . 1 . Derelict Logs Recovered 2 | . . 2 Drone Launches . | . . . Drone Recoveries . | . . . Exploration | -11 -10 -10 ------------- Run | Jun Mat Sub Turns Passed 4448 | 111 1846 2491 Spaces Moved 2478 | 54 1052 1372 Core 9 | 9 . . Treads 1753 | 45 487 1221 Legs . | . . . Wheels 716 | . 565 151 Hover . | . . . Flight . | . . . Fastest Speed 50 | 50 95 155 Average Speed 158 | 141 151 165 Slowest Speed 240 | 160 160 240 Overloaded Moves . | . . . Propulsion Burnouts . | . . . Robots Hopped . | . . . Cave-ins Triggered . | . . . Exploration Rate (%) 57 | 4 97 71 Regions Visited 2 Branch Regions 1 Pre-discovered Areas . | . . . Known Exits Taken . | . . . Unknown Exits Taken 2 | 1 1 . Scrap Searched 5 | . . 5 Spaces Dug . | . . . Terrain Destroyed 1 | . . 1 Melee . | . . . Projectile 1 | . . 1 AOE . | . . . Terrain Rammed . | . . . Walls Destroyed . | . . . Machines Disabled . | . . . Actions | -11 -10 -10 --------- Run | Jun Mat Sub Total 2732 | 76 1187 1469 Wait 39 | . 30 9 Move 2476 | 53 1051 1372 Hop . | . . . Pick Up 36 | 10 22 4 Fast Attach 8 | . 5 3 Attach 13 | 6 3 4 Detach . | . . . Swap 5 | 1 3 1 Drop 13 | . 8 5 Fire 138 | 6 65 67 Melee . | . . . Ram . | . . . Kick . | . . . Crush . | . . . Escape Stasis . | . . . Rewire . | . . . Trap . | . . . Miscellaneous 4 | . . 4 Route ------- -11/Junkyard -10/Materials (discovered 6 exits: [*Mat x3] / [*Min x2] / [*Sub]) -10/Subcaves (discovered 1 exit: [*Mat]) History --------- Turn | Location | Event 3 | -11/Junkyard | Discovered new exit (range 15) 112 | -11/Junkyard | Entered Materials 256 | -10/Materials | Discovered new exit (range 16) 316 | -10/Materials | Build established: Mutant 540 | -10/Materials | Discovered new exit (range 7) 600 | -10/Materials | Derelicts attacked the area 810 | -10/Materials | Lost 3 parts (1n1u1w) 855 | -10/Materials | Core integrity fell below 50% 932 | -10/Materials | Discovered new exit (range 12) 1088 | -10/Materials | Discovered new exit (range 8) 1203 | -10/Materials | Discovered new exit (range 10) 1801 | -10/Materials | Discovered new exit (range 10) 1958 | -10/Materials | Entered Subcaves 1965 | -10/Subcaves | Learned Materials emergency access door positions 2047 | -10/Subcaves | Learned location of 1 exit from Materials 2114 | -10/Subcaves | Shifting Twisted Machinery released Sub. Beam Cannon 2115 | -10/Subcaves | Shifting Twisted Machinery released Flamer 2186 | -10/Subcaves | A swath of the cavern ceiling suddenly collapsed 2798 | -10/Subcaves | Discovered new exit (range 15) 4084 | -10/Subcaves | Core integrity fell below 20% 4131 | -10/Subcaves | Lost 3 parts (1n1u1w) 4449 | -10/Subcaves | Destroyed by 94-T6I(R) with Subdweller Machine Gun Last Messages --------------- 04098_ PT-Z6U(R) destroyed. 04100_ Lgt. Armor Plating destroyed. 04109_ Sub. Optics melted. 04109_ Y3-AWI(R) destroyed. 04112_ UU-G3H(R) destroyed. 04132_ Acquired 30 matter. 04136_ Acquired 15 matter. 04307_ Searching scrap... 04307_ Found Riot Gun. 04307_ Found Hvy. Riot Gun. 04307_ Found 29 Matter. 04308_ Searching scrap... 04308_ Found Sub. Laser. 04308_ Found 27 Matter. 04308_ Triggered Piercing Trap. 04308_ Spikes shoot up from the floor. 04308_ Critical hit (Impale). 04332_ Searching scrap... 04332_ Found Sub. Monowheel. 04332_ Found 27 Matter. Map ----- +----------------------------------------------------+ | ?????????????????????????????????????????????????? | | ?????????????????????????????????????????????????? | | ?????????????????????????? ??????????????????????? | | ????????????????????????? #???????????????????? | | ????????????????????????? #???????????????????? | | ???????????????????????? ???????????????????? | | ???????????????????????? ????????????????????? | | ????????????? ????????? ????????????????????? | | ????????????? ???????? ?????????????????????? | | ?????????????? ??????? ??????????????????????? | | ??????????????? "#?????# ??????????????????????? | | ?????????????? "" ##### ???????????????????????? | | ??????????????#""# " #???????????????????????? | | ????????#####?#""?" " #???????????????????????? | | ???????## "### "#?" " #???????????????????????? | | ???????# " ##?# #????????????????????????? | | ???????# ##" #?# #????????????????????????? | | ??????## ###" #?# #????????????????????????? | | ??????# ##"R ### ##????????????????????????? | | ?###### ## ## #?????????????????????????? | | ?#"%"##### ##?# ##????????????????????????? | | ?###=""### #??## ##???????????????????????? | | ???#" "## ##?## #???????????????????????? | | ???#" ###" ### ##??????????????????????? | | ???## # " ### ###????????????????????? | | ????# ### @ #????????????????????? | | ????# ## #???????????????????? | | ????# #" ## ## ### #?????????????????? | | ???### ## ## ## ### #?????????????????? | | ???#[ "# ### ## #????????????????? | | ???#% "## #?# #????????????????? | | # ##%[ "## #?# #????????????????? | | # ""[ ### ### ##????????????????? | | #"""""### "#?????????????????? | | ####### #### " ?????????????????? | | ??????# ##??? " ????????????????? | | ??????# ### #####????? "??????????????????? | | ??????# #?# ##???????? "??????????????????? | | ??????# ### #???? ? ## ??????????????????? | | ??????## ##?? ##????????????????????? | | ??????## ## ??????????????????????? | | ??????# ????????????????????????? | | ??????## ????????????????????????? | | ???????# ????????????????????????? | | ???????# #?????????????????????????? | | ??????## #####?????????????????????????? | | ??????# ## #?????????????????????????????? | | ??????## ####? ??????????????????????????? | | ??????## #????# ?????????????????????????? | | ??????# ##???? ??????????????????????????? | +----------------------------------------------------+ Best States ------------- Heat Dissipation 25 Energy Generation 14 Energy Capacity 280 Matter Stores 300 Matter Capacity 300 Sight Range 16 Terrain Scan Density 10 Armor Coverage 800 Evasion (%) 41 Recoil Reduction 2 Item Schematics ----------------- None Robot Schematics ------------------ None Fabricated ------------ Nothing Alien Tech Used ----------------- None Achievements -------------- None Challenges ------------ None Game ------ Seed CombatChargeFilter Manual? 0 Play Time 00:21:05 Cumulative 106.5 hours Start 2023.11.16 @ 19:50:57 End 2023.11.16 @ 21:01:22 Sessions 1 Manual Loads 0 Difficulty Rogue Special Mode None Game No. 119 Rogue 83 Adventurer 36 Explorer 0 Win Type - Total 7 Types 2/0/5/0/0/0/0/0/0 Lore% 52 Gallery% 72 Achievement% 61 Wizard Run 0 Options --------- ASCII 0 Keyboard 0 Movement Mouse Keybinds 0 Fullscreen 1 Font 18/SmallcapsGlow Map View 76x50 Tactical HUD 1 Map Filters NONE Filters NONE Steam 1 RUN: 71deceef-7fee-4b9d-8cb1-d0d5b3992907